 Dungeon Crawl Stone Soup version 0.31.0-32-g396128a36d (webtiles) character file.

Game seed: 14188035095434955674

48 DildoBatman the Conjurer (level 4, -2/32 HPs)
             Began as a Formicid Conjurer on Mar 11, 2024.
             Slain by a quokka (4 damage)
             ... on level 4 of the Dungeon.
             The game lasted 00:03:07 (992 turns).

DildoBatman the Conjurer (Formicid Conjurer)         Turns: 992, Time: 00:03:08

Health: -2/32      AC:  2    Str: 12    XL:     4   Next: 0%
Magic:  7/7        EV:  9    Int: 19    God:
Gold:   56         SH:  0    Dex: 12    Spells: 5/8 levels left

rFire   . . .        f - +0 spear
rCold   . . .        (no shield)
rNeg    . . .        a - +0 robe
rPois   .            (helmet unavailable)
rElec   .            (no cloak)
rCorr   .            (no gloves)
SInv    +            (no boots)
Will    .....        (no amulet)
Stlth   ++           (no ring)
HPRegen 0.25/turn    (no ring)
MPRegen 0.10/turn

%: no passive effects
@: constricted
A: permanent stasis, dig shafts and tunnels, antennae 3, four strong arms
a: Dig, Shaft Self


You were on level 4 of the Dungeon.
You visited 1 branch of the dungeon, and saw 3 of its levels.

You collected 56 gold pieces.

Inventory:

Hand Weapons
 f - a +0 spear (weapon)
 m - a +0 whip of electrocution
Missiles
 h - 15 stones
Armour
 a - a +0 robe (worn)
Magical Staves
 k - a staff of death
Scrolls
 d - 2 scrolls of fog {unknown}
 e - a scroll of enchant weapon {unknown}
 j - a scroll of brand weapon {unknown}
 l - a scroll of identify {unknown}
Potions
 b - a potion of magic
 c - a potion of haste {unknown}
 g - 2 potions of degeneration {unknown}
 i - a potion of invisibility {unknown}


   Skills:
 + Level 1.2 Fighting
 + Level 1.1 Armour
 + Level 2.2 Dodging
 + Level 3.0 Stealth
 + Level 2.5 Spellcasting
 + Level 3.8 Conjurations


You had 5 spell levels left.
You knew the following spells:

 Your Spells              Type           Power      Damage    Failure   Level
a - Searing Ray           Conj           34%        2d5       4%          2
c - Magic Dart            Conj           68%        1d6       3%          1

Your spell library contained the following spells:

 Spells                   Type           Power      Damage    Failure   Level
 Fulminant Prism          Conj/Alch      4%         3d5       58%         4
 Iskenderun's Mystic Bla  Conj/Tloc      9%         2d4       58%         4


Dungeon Overview and Level Annotations

Branches:
Dungeon (2/15)

Altars:


Innate Abilities, Weirdness & Mutations

You cannot be hasted, slowed, berserked, paralysed or teleported.
You can dig through walls and to a lower floor.
You have a pair of large antennae on your head. (SInv)
Your four strong arms can wield two-handed weapons with a shield.


Message History

You shout for attention!
The quokka bites you.
The ball python bites you but does no damage.
The ball python constricts you. The endoplasm hits you.
The ball python bites you but does no damage.
The ball python constricts you.
The quokka bites you but does no damage.
What are your orders? t - Shout!
Orders for allies: a - Attack new target. r - Retreat! s - Stop attacking. g - Guard the area. f - Follow me.
Anything else - Cancel.
You shout for attention!
The quokka closely misses you. The ball python bites you.
The ball python constricts you. The endoplasm hits you.
What are your orders? t - Shout!
Orders for allies: a - Attack new target. r - Retreat! s - Stop attacking. g - Guard the area. f - Follow me.
Anything else - Cancel.
You shout for attention!
The quokka bites you. The ball python bites you.
The ball python constricts you. The endoplasm freezes you.
You are frozen.
What are your orders? t - Shout!
Orders for allies: a - Attack new target. r - Retreat! s - Stop attacking. g - Guard the area. f - Follow me.
Anything else - Cancel.
You shout for attention!
The quokka bites you.
You die...

# #..
#####....
###......#
#.r@S$$#
#..J#####
....w##
#... ###


You could see a dart slug, an endoplasm, a quokka and a ball python.

Vanquished Creatures
  A dart slug (D:1)
  A ribbon worm (D:2)
  A bat (D:1)
  7 endoplasms
  3 giant cockroaches
  2 goblins
  4 hobgoblins (D:1)
  3 jackals (D:2)
  5 kobolds (D:1)
  7 ball pythons
  2 rats
36 creatures vanquished.

Notes
Turn   | Place    | Note
-------+----------+-------------------------------------------
     0 | D:1      | DildoBatman the Formicid Conjurer began the quest for the
                  | Orb.
     0 | D:1      | Reached XP level 1. HP: 13/13 MP: 3/3
   129 | D:1      | Reached XP level 2. HP: 20/20 MP: 3/5
   132 | D:1      | Learned a level 2 spell: Searing Ray
   388 | D:1      | Reached XP level 3. HP: 22/25 MP: 1/6
   438 | D:1      | Reached skill level 1 in Fighting
   512 | D:1      | Reached skill level 1 in Armour
   965 | D:2      | Reached XP level 4. HP: 32/32 MP: 7/7
   969 | D:2      | You fall into a shaft and drop 2 floors!
   992 | D:4      | Slain by a quokka

Illustrated notes

Levels and vault maps discovered:
D:1:      minmay_arrival_radiant_lines, layout_rooms
D:2:      layout_basic, chequers_ecumenical_altar_simple, st_stairs_6,
          nicolae_hexahallways, grunt_ministairs_2
D:4:      layout_rooms, lemuel_doored_altar, mainiacjoe_overflow_catch_the_wave,
          gammafunk_ghost_grave

Skill      XL: |  1  2  3 |
---------------+----------+-----
Dodging        | 2 |  2.2
Fighting       | 1 |  1.2
Armour         | 1 |  1.1
Stealth        | 3 |  3.0
Spellcasting   | |  2.5
Conjurations   | |  3.8

Action                     |  1- 3 |  4- 6 || total
---------------------------+-------+-------++-------
  Melee: Unarmed           |    14 |       ||    14
         Spear             |    36 |       ||    36
   Cast: Magic Dart        |    40 |       ||    40
         Searing Ray       |     5 |       ||     5
Ability: Dig               |     1 |     1 ||     2
         Shaft Self        |       |     1 ||     1
   Stab: Sleeping          |     3 |       ||     3
 Armour: Robe              |    23 |    21 ||    44
  Dodge: Dodged            |    27 |    16 ||    43
